 Dungeon Crawl Stone Soup version 0.24.0-123-gd5b16e6ec5 (webtiles) character file.

Game seed: 13386292024765804135, levelgen mode: deterministic

1614 vurker the Zephyrmancer (level 8, 0/48 HPs)
             Began as a Tengu Air Elementalist on Dec 30, 2019.
             Slain by a yak (8 damage)
             ... on level 10 of the Dungeon.
             The game lasted 00:14:01 (8591 turns).

vurker the Zephyrmancer (Tengu Air Elementalist)    Turns: 8591, Time: 00:14:02

Health: 0/48       AC:  5    Str:  8    XL:     8   Next: 95%
Magic:  23/26      EV: 14    Int: 17    God:
Gold:   306        SH:  0    Dex: 16    Spells: 8/18 levels left

rFire    . . .     SeeInvis .   x - +8 trident "Lynoj" {protect, rPois rC++}
rCold    + + .     Gourm    .   (no shield)
rNeg     . . .     Faith    .   m - +0 leather armour {MR+}
rPois    +         Spirit   .   f - +1 hat
rElec    .         Reflect  .   b - +0 cloak {MR+}
rCorr    +         Harm     .   (no gloves)
MR       ++...                  (boots unavailable)
Stlth    ++........             (no amulet)
HPRegen  0.16/turn              t - ring of magical power
MPRegen  0.20/turn              w - ring of resist corrosion

@: flying quickly and evasively, quick
A: beak, talons 3, able to fly
a: Stop Flying


You were on level 10 of the Dungeon.
You were not hungry.

You visited 1 branch of the dungeon, and saw 8 of its levels.
You also visited: Ossuary.

You collected 566 gold pieces.
You spent 260 gold pieces at shops.

Inventory:

Hand Weapons
 x - the +8 trident "Lynoj" (weapon) {protect, rPois rC++}
   (You found it on level 4 of the Dungeon)

   It grants its wielder temporary protection when it strikes (+7 to AC).
   It greatly protects you from cold.
   It protects you from poison.
Armour
 b - a +0 cloak of magic resistance (worn)
   (You took it off Crazy Yiuf on level 3 of the Dungeon)
 f - a +1 hat (worn)
   (You found it on level 4 of the Dungeon)
 m - a +0 leather armour of magic resistance (worn)
   (You found it on level 3 of the Dungeon)
Jewellery
 t - a ring of magical power (left hand)
   (You bought it in a shop on level 4 of the Dungeon)
 w - a ring of resist corrosion (right hand)
   (You found it on level 4 of the Dungeon)
Wands
 v - a wand of digging (5)
   (You found it on level 4 of the Dungeon)
Scrolls
 g - 5 scrolls of remove curse
 k - a scroll of vulnerability {unknown}
 n - a scroll of blinking
Potions
 a - 3 potions of lignification
 c - a potion of experience {unknown}
 d - 2 potions of haste
 h - a potion of magic
 i - a potion of ambrosia
 j - a potion of cancellation {unknown}
 o - a potion of flight {unknown}
 r - a potion of heal wounds {unknown}
 s - a potion of invisibility
Comestibles
 e - 8 rations


   Skills:
 + Level 3.8 Fighting
 - Level 2.1 Dodging
 - Level 2.0 Stealth
 * Level 5.7 Spellcasting
 * Level 7.6 Conjurations
 * Level 8.7 Air Magic


You had 8 spell levels left.
You knew the following spells:

 Your Spells              Type           Power        Failure   Level  Hunger
a - Shock                 Conj/Air       ####         1%          1    None
b - Lightning Bolt        Conj/Air       ####......   19%         5    ######.
c - Airstrike             Air            ####......   5%          4    ####...

Your spell library contained the following spells:

 Spells                   Type           Power        Failure   Level  Hunger
 Static Discharge         Conj/Air       ####....     1%          3    ##.....
 Swiftness                Chrm/Air       ###.....     4%          2    #......
 Animate Skeleton         Necr           N/A          19%         1    None
 Apportation              Tloc           #.....       19%         1    None
 Confusing Touch          Hex            #.....       19%         1    None
 Summon Small Mammal      Summ           #...         19%         1    None


Dungeon Overview and Level Annotations

Branches:
Dungeon (7/15)            Ossuary (visited)
 Temple: D:4-7

Altars:
Cheibriados

Shops:
D:4 =   D:5 (


Innate Abilities, Weirdness & Mutations

You have a beak for a mouth.
You have claws for feet.
You can fly continuously.


Message History

The zap hits the yak but does no damage.
The zap misses the yak.
The zap hits the yak.
The zap hits the yak but does no damage.
Aim: a yak (severely wounded)
The zap hits the yak!
The yak gores you.
Aim: a yak (severely wounded)
The zap hits the yak.
The yak gores you! The yak closely misses you.
Aim: a yak (almost dead)
The zap hits the yak.
The yak gores you. The yak misses you.
Aim: a yak (almost dead)
The zap hits the yak.
The yak gores you!
* * * LOW HITPOINT WARNING * * *
The yak barely misses you.
You puncture the yak!
Your weapon exudes an aura of protection.
You kill the yak!
The yak gores you!
* * * LOW HITPOINT WARNING * * *
Okay, then.
The yak gores you.
* * * LOW HITPOINT WARNING * * *
You are confused.
You feel invigorated. The yak gores you!
* * * LOW HITPOINT WARNING * * *
You bump into the rock wall.
The yak misses you.
You bump into the rock wall.
The yak gores you.
* * * LOW HITPOINT WARNING * * *
You bump into the rock wall.
You feel less invigorated.
You feel less confused. The yak completely misses you.
Found a scroll of identify.
The zap hits the yak.
The zap misses the hound.
The zap hits the hound.
The zap hits the yak!
The yak misses you.
The zap misses the yak.
The zap hits the hound.
The zap hits the yak but does no damage.
The zap hits the yak!
The yak gores you!
* * * LOW HITPOINT WARNING * * *
The zap hits the yak.
The zap hits the hound.
The zap misses the yak.
The zap hits the yak.
The zap hits the hound but does no damage.
The zap hits the yak.
The yak barely misses you.
You feel better. The yak closely misses you.
The zap hits the yak.
The zap hits the hound.
The zap hits the yak!
The zap hits the yak but does no damage.
The yak gores you!
* * * LOW HITPOINT WARNING * * *
The zap hits the yak.
The zap misses the hound.
The zap misses the yak.
The zap hits the yak but does no damage.
The yak gores you!
You die...

###.......#
##$....Y...#
...........#
...........#
######.####
#Y..Y#
####h# #Y#
#@# #.# #..
##.# .. ##.
. ?


You could see 2 yaks and a hound.

Vanquished Creatures
  A yak (D:10)
  An orc warrior (D:7)
  2 ogres
  A centaur (D:5)
  2 scorpions
  A water moccasin skeleton (D:6)
  3 wights (D:7)
  3 crimson imps (D:5)
  A centaur zombie (D:6)
  A hound (D:6)
  A bullfrog skeleton (D:5)
  3 orc wizards
  Crazy Yiuf (D:3)
  Jessica (D:3)
  2 iguanas
  Natasha (thrice) (D:3)
  A worker ant (D:5)
  A killer bee zombie (D:6)
  A hound zombie (D:5)
  8 mummies (Ossuary)
  A worker ant zombie (D:6)
  7 adders
  2 shadow imps (D:6)
  2 oozes (D:3)
  4 worms
  3 dart slugs
  4 leopard geckos
  15 orcs
  10 bats
  4 giant cockroaches
  A gnoll zombie (Ossuary)
  7 goblins
  6 hobgoblins
  7 jackals (D:6)
  3 quokkas
  3 ball pythons
  5 frilled lizards
  A hobgoblin zombie (Ossuary)
  10 kobolds
  2 kobold zombies (Ossuary)
  4 orc zombies (Ossuary)
  5 rats
144 creatures vanquished.

Notes
Turn   | Place    | Note
-------+----------+-------------------------------------------
     0 | D:1      | vurker the Tengu Air Elementalist began the quest for the
                  | Orb.
     0 | D:1      | Reached XP level 1. HP: 10/10 MP: 4/4
   293 | D:1      | Reached XP level 2. HP: 6/16 MP: 0/6
  1216 | D:1      | Reached XP level 3. HP: 20/20 MP: 1/7
  2257 | D:2      | Reached XP level 4. HP: 24/24 MP: 3/8
  2510 | D:3      | Reached skill level 1 in Fighting
  2627 | D:3      | Reached skill level 5 in Air Magic
  2883 | D:3      | Gained mutation: You can fly continuously. [Tengu growth]
  2883 | D:3      | Reached XP level 5. HP: 17/29 MP: 0/10
  3309 | D:3      | Noticed Jessica
  3320 | D:3      | Killed Jessica
  3343 | D:3      | Noticed Natasha
  3348 | D:3      | Killed Natasha
  3548 | D:3      | Found a snail-covered altar of Cheibriados.
  3613 | D:3      | Noticed Natasha
  3619 | D:3      | Killed Natasha
  3619 | D:3      | Reached XP level 6. HP: 24/35 MP: 4/12
  3723 | D:3      | Learned a level 5 spell: Lightning Bolt
  3728 | D:3      | Learned a level 4 spell: Airstrike
  4280 | D:3      | Found a runed translucent door.
  4281 | D:3      | Noticed Crazy Yiuf
  4322 | D:3      | Noticed Natasha
  4330 | D:3      | Killed Natasha
  4438 | D:3      | Killed Crazy Yiuf
  4438 | D:3      | Reached skill level 6 in Air Magic
  4551 | D:4      | Found a sand-covered staircase.
  4559 | Ossuary  | Entered an ossuary
  5088 | D:4      | Found Laogis's Jewellery Boutique.
  5100 | D:4      | Bought an uncursed ring of magical power for 260 gold
                  | pieces
  5406 | D:4      | Got a warped trident
  5407 | D:4      | Identified the +8 trident "Lynoj" {protect, rPois rC++}
                  | (You found it on level 4 of the Dungeon)
  5506 | D:4      | Reached skill level 5 in Conjurations
  5506 | D:4      | Reached XP level 7. HP: 40/40 MP: 13/13
  5753 | D:5      | Entered Level 5 of the Dungeon
  6143 | D:5      | Reached skill level 7 in Air Magic
  6718 | D:5      | Found Rusaahei's Antique Weapon Shoppe.
  6889 | D:5      | Reached XP level 8. HP: 45/45 MP: 16/16
  7502 | D:6      | Got a transparent spear
  7503 | D:6      | Identified the +7 spear "Ytocluxt" {pain, +Rage Dex+2} (You
                  | found it on level 6 of the Dungeon)
  7898 | D:6      | Reached skill level 5 in Spellcasting
  8178 | D:7      | Reached skill level 8 in Air Magic
  8562 | D:7      | You are sucked into a shaft and drop 3 floors!
  8562 | D:10     | Entered Level 10 of the Dungeon
  8562 | D:10     | Noticed a yak
  8562 | D:10     | Noticed a yak
  8562 | D:10     | Noticed a yak
  8578 | D:10     | Killed a yak
  8580 | D:10     | HP: 2/48 [yak (7)]
  8591 | D:10     | Slain by a yak

Levels and vault maps discovered:
D:1:      kilobyte_arrival_exit_the_forest, layout_basic, kennysheep_doodads,
          st_stairs_13
D:2:      layout_basic
D:3:      layout_loops_cross, lemuel_crystal_altar, uniq_crazy_yiuf_cottage,
          uniq_natasha, uniq_jessica
D:4:      layout_loops_ring, first_ration, serial_shops, shop,
          nicolae_ossuary_entry_monument
D:5:      layout_basic, serial_shops, shop, minivault_1
D:6:      layout_loops_ring
D:7:      layout_cave_pods, minmay_temple_entry_drinking_statues,
          grunt_livestock, uniq_harold
D:10:     layout_rooms, special_room [special_room_orc], basic_altar,
          grunt_gozag_statues

Skill      XL: |  1  2  3  4  5  6  7  8 |
---------------+-------------------------+-----
Conjurations   | 2 3 4 5 6 7 |  7.6
Fighting       | 1 2 3 |  3.8
Air Magic      | 5 6 7 8 |  8.7
Spellcasting   | 3 4 5 |  5.7
Dodging        | |  2.1
Stealth        | |  2.0

Action                   |  1- 3 |  4- 6 |  7- 9 || total
-------------------------+-------+-------+-------++-------
Melee: Unarmed           |     3 |       |       ||     3
       Kick              |     2 |       |     5 ||     7
       Dagger            |     8 |     5 |       ||    13
       Peck              |       |     2 |     2 ||     4
       Trident           |       |       |    12 ||    12
 Cast: Shock             |    76 |   176 |   206 ||   458
 Abil: Fly               |       |     1 |       ||     1
  Use: Scroll            |     2 |     5 |     9 ||    16
       Potion            |       |     1 |     2 ||     3
  Eat: Chunk             |     4 |     8 |     5 ||    17
       Ration            |       |     1 |     1 ||     2
Armor: Robe              |     1 |     3 |       ||     4
       Leather armour    |       |     2 |    12 ||    14
Dodge: Dodged            |    17 |    25 |    44 ||    86
